 Dungeon Crawl Stone Soup version 0.21.1-1-g345015f (webtiles) character file.

7702 kae the Martial Artist (level 11, -2/91 HPs)
             Began as a Green Draconian Transmuter on June 6, 2018.
             Was an Elder of Okawaru.
             Slain by an unseen horror (11 damage)
             ... on level 10 of the Dungeon.
             The game lasted 00:11:55 (11236 turns).

kae the Martial Artist (DrTm)                      Turns: 11236, Time: 00:11:56

Health: -2/91      AC:  2    Str: 13    XL:     11   Next: 0%
Magic:  17/19      EV: 27    Int: 13    God:    Okawaru [****..]
Gold:   386        SH:  6    Dex: 20    Spells: 6/21 levels left

rFire    . . .     SeeInvis .     - Unarmed
rCold    . . .     Gourm    .   (shield currently unavailable)
rNeg     . . .     Faith    .   (armour unavailable)
rPois    x         Spirit   .   (helmet currently unavailable)
rElec    .         Reflect  +   (cloak currently unavailable)
rCorr    .         Harm     .   (gloves currently unavailable)
MR       .....                  (boots currently unavailable)
Stlth    ++........             x - +6 amulet of reflection
HPRegen  0.25/turn              e - +2 ring of evasion
MPRegen  0.16/turn              i - +3 ring of slaying

@: spider-form (expiring)
A: tiny, (breathe noxious fumes), unfitting armour, AC +7
a: End Transformation, Heroism, Renounce Religion


You were on level 10 of the Dungeon.
You worshipped Okawaru.
Okawaru was greatly pleased with you.
You were near starving.
You were a venomous arachnid creature.
You visited 1 branch of the dungeon, and saw 10 of its levels.
You also visited: Ossuary.

You collected 633 gold pieces.
You spent 247 gold pieces at shops.

Inventory:

Missiles
 a - 97 arrows
Armour
 g - a +1 pair of gloves
 B - a +0 cloak (melded)
Jewellery
 e - a +2 ring of evasion (left front leg)
 i - a +3 ring of slaying (right front leg)
 k - an uncursed ring of protection from magic
 x - a +6 amulet of reflection (around neck)
 y - an uncursed ring of protection from fire
 z - an uncursed ring of protection from cold
 D - an uncursed ring of flight {unknown}
 I - a +5 ring of evasion
Wands
 m - a wand of polymorph (5)
 n - a wand of flame (16)
 A - a wand of disintegration (42)
Scrolls
 l - 2 scrolls of blinking
 q - 3 scrolls of teleportation
 s - 4 scrolls of identify
 w - 2 scrolls of amnesia
 C - a scroll of remove curse
 F - a scroll of magic mapping
 H - 2 scrolls of enchant weapon {unknown}
Potions
 d - a potion of ambrosia
 f - 3 potions of heal wounds
 h - 4 potions of curing
 j - a potion of berserk rage
 o - 2 potions of agility
 p - a potion of mutation
 r - 2 potions of degeneration
 t - a potion of flight {unknown}
 u - 2 potions of brilliance
 v - a potion of might {unknown}
 E - 2 potions of lignification {unknown}
 G - a potion of resistance {unknown}
Books
 b - a book of Changes

   Spells                             Type                      Level
   a - Beastly Appendage              Transmutation                1
   b - Sticks to Snakes               Transmutation                2
   c - Spider Form                    Transmutation/Poison         3
   d - Ice Form                       Ice/Transmutation            4
   e - Blade Hands                    Transmutation                5
Comestibles
 c - 23 rations


   Skills:
 + Level 6.8 Fighting
 + Level 5.9 Dodging
 * Level 9.4 Unarmed Combat
 + Level 5.9 Spellcasting
 * Level 9.1 Transmutations
 + Level 4.2 Invocations


You had 6 spell levels left.
You knew the following spells:

 Your Spells              Type           Power        Failure   Level  Hunger
a - Beastly Appendage     Tmut           ####..       3%          1    None
b - Sticks to Snakes      Tmut           ####....     3%          2    ##.....
c - Spider Form           Tmut/Pois      ###.......   21%         3    ###....
d - Blade Hands           Tmut           ####......   26%         5    ######.
e - Ice Form              Ice/Tmut       ###.....     47%         4    ####...


Dungeon Overview and Level Annotations

Branches:
Dungeon (10/15)            Temple (0/1) D:7
   Lair: D:8-11         Orc: D:9-12

Altars:
Ashenzari
Cheibriados
Fedhas
Hepliaklqana
Kikubaaqudgha
Nemelex Xobeh
Okawaru
Qazlal
Ru
Uskayaw
Vehumet
Wu Jian
The Shining One

Shops:
D:6 [

Annotations:
D:3 Lidrolic's ghost, amateur HuFi
D:5 Menkaure


Innate Abilities, Weirdness & Mutations

((You can breathe blasts of noxious fumes.))
((Your lurid green scales are hard. (AC +7)))
You cannot fit into any form of body armour.
((Your system is resistant to poisons. (rPois)))
((You are cold-blooded and may be slowed by cold attacks.))


Message History

You bite something! Something closely misses you.
You closely miss something.
Your transformation is almost over.
Something misses you. Something misses you.
There is an open door, spattered with blood here.
Items here: % ( ) ÷ a shortbow; 20 arrows; a chunk of flesh; a centaur skeleton
There is an open door, spattered with blood here.
Items here: % ( ) ÷ a shortbow; 20 arrows; a chunk of flesh; a centaur skeleton Something closely misses you.
You bite something! Something hits you.
* * * LOW HITPOINT WARNING * * *
Something closely misses you.
You barely miss something. Something closely misses you.
You swing at nothing.
Something hits you.
* * * LOW HITPOINT WARNING * * *
You swing at nothing.
Something hits you!
You die...

......# #... .....#
#... .(..# #...
#####...###### #...
+...#......... #...
#...#))....... #...
#...#)........ #...
#...))........ #...
#.^s#.........
#....
...#####.........
#....
.................
.....
.................
.....
#####............
..... #...........
..... #...........
#.....
#.....#####.#......
#.....# #......


There were no monsters in sight!

Vanquished Creatures
  A hydra (D:8)
  A centaur warrior (D:10)
  A two-headed ogre (D:10)
  Maurice (D:8)
  2 dream sheep (D:8)
  Sigmund (D:2)
  Eustachio (D:5)
  2 yaks (D:8)
  A wyvern (D:10)
  Duvessa (D:6)
  2 ice beasts (D:7)
  3 sky beasts
  An orc warrior (D:7)
  A hornet zombie (D:9)
  A phantom (D:4)
  5 ogres
  4 bullfrogs
  4 big kobolds (D:8)
  An elf zombie (Ossuary)
  A gnoll sergeant (D:8)
  A scorpion (D:10)
  Dowan (D:6)
  A water moccasin skeleton (D:9)
  6 killer bees (D:7)
  9 wights
  2 crimson imps
  4 howler monkeys
  2 centaur zombies
  A human zombie (Ossuary)
  A hound (D:9)
  3 jellies
  Crazy Yiuf (D:6)
  8 orc priests
  2 centaur skeletons
  3 bullfrog skeletons
  An iguana (D:9)
  10 orc wizards
  6 worker ants
  A hound zombie (D:5)
  2 mummies (Ossuary)
  9 gnolls
  12 adders
  2 shadow imps
  2 adder zombies
  An adder skeleton (D:6)
  3 worms
  4 dart slugs
  8 leopard geckos
  23 orcs
  6 bats
  4 giant cockroaches
  7 goblins
  3 hobgoblins
  4 jackals
  10 kobolds
  A quokka (D:4)
  6 ball pythons
  A ball python zombie (D:6)
  3 frilled lizards
  2 goblin zombies (Ossuary)
  12 hobgoblin zombies (Ossuary)
  A jackal zombie (Ossuary)
  10 kobold zombies (Ossuary)
  A leopard gecko skeleton (D:5)
  5 orc zombies (Ossuary)
  4 rats (D:2)
244 creatures vanquished.

Vanquished Creatures (collateral kills)
  An elf zombie (Ossuary)
  2 hobgoblin zombies (Ossuary)
3 creatures vanquished.

Vanquished Creatures (others)
  A kobold (D:8)
1 creature vanquished.

Grand Total: 248 creatures vanquished

Notes
Turn   | Place    | Note
-------+----------+-------------------------------------------
     0 | D:1      | kae the Draconian Transmuter began the quest for the Orb.
     0 | D:1      | Reached XP level 1. HP: 16/16 MP: 3/3
   307 | D:1      | Reached XP level 2. HP: 23/23 MP: 3/5
   651 | D:1      | Learned a level 2 spell: Sticks to Snakes
  1045 | D:2      | Reached XP level 3. HP: 20/28 MP: 4/6
  1249 | D:2      | Noticed Sigmund
  1391 | D:3      | Found a sparkling altar of Nemelex Xobeh.
  1405 | D:3      | Learned a level 3 spell: Spider Form
  1783 | D:2      | Killed Sigmund
  1783 | D:2      | Reached XP level 4. HP: 27/37 MP: 4/7
  1783 | D:2      | Reached XP level 5. HP: 31/42 MP: 4/8
  1956 | D:3      | Noticed Lidrolic's ghost (amateur HuFi)
  2229 | D:3      | Found a snail-covered altar of Cheibriados.
  2512 | D:3      | Reached XP level 6. HP: 41/50 MP: 7/10
  2841 | D:3      | Found a radiant altar of Vehumet.
  2855 | D:3      | Found a stormy altar of Qazlal.
  2856 | D:3      | Found a sacrificial altar of Ru.
  3413 | D:4      | Reached skill level 5 in Unarmed Combat
  3413 | D:4      | Your scales start taking on a lurid green colour.
  3413 | D:4      | Reached XP level 7. HP: 26/57 MP: 9/11
  3413 | D:4      | Gained mutation: Your system is resistant to poisons. (rPois) [Green Draconian growth]
  3841 | D:4      | Found a blossoming altar of Fedhas.
  4069 | D:5      | Entered Level 5 of the Dungeon
  4152 | D:5      | Found an ornate altar of the Wu Jian Council.
  4321 | D:5      | Found a hide-covered altar of Uskayaw.
  4331 | D:5      | Noticed Eustachio
  4344 | D:5      | Killed Eustachio
  4344 | D:5      | Reached skill level 5 in Transmutations
  4415 | D:5      | Reached XP level 8. HP: 53/66 MP: 9/13
  4522 | D:5      | Found a sand-covered staircase.
  4527 | Ossuary  | Entered an ossuary
  5150 | D:5      | Noticed Menkaure
  5687 | D:6      | Found a runed door.
  5821 | D:6      | Noticed Duvessa
  5821 | D:6      | Noticed Dowan
  5860 | D:6      | Killed Dowan
  5890 | D:6      | Killed Duvessa
  6002 | D:6      | Found Kus Baon's Antique Armour Boutique.
  6026 | D:6      | Reached XP level 9. HP: 49/73 MP: 15/15
  6206 | D:6      | Bought a pair of fine gloves for 247 gold pieces
  6216 | D:6      | Identified the cursed -7 pair of gloves of Deigim {-Tele rC+++ Str+5} (You bought it in a shop on level 6 of the Dungeon)
  6288 | D:6      | Found a shattered altar of Ashenzari.
  6418 | D:6      | Reached skill level 5 in Fighting
  6635 | D:6      | Noticed Crazy Yiuf
  6638 | D:6      | Killed Crazy Yiuf
  6720 | D:7      | Found a staircase to the Ecumenical Temple.
  6759 | D:7      | Found an iron altar of Okawaru.
  7120 | D:7      | Became a worshipper of Warmaster Okawaru
  7163 | D:7      | Found a glowing golden altar of the Shining One.
  7478 | D:7      | Found an ancient bone altar of Kikubaaqudgha.
  7844 | D:7      | Reached skill level 1 in Invocations
  8096 | D:7      | Found a hazy altar of Hepliaklqana.
  8549 | D:8      | Noticed Maurice
  8773 | D:8      | Reached skill level 5 in Dodging
  8783 | D:8      | Reached skill level 5 in Spellcasting
  8859 | D:8      | Killed Maurice
  8859 | D:8      | Reached * piety under Okawaru
  9190 | D:8      | Reached XP level 10. HP: 46/83 MP: 17/17
  9194 | D:8      | Reached ** piety under Okawaru
  9411 | D:8      | Noticed a two-headed hydra
  9430 | D:8      | Killed a two-headed hydra
  9871 | D:9      | Reached *** piety under Okawaru
 10449 | D:10     | Entered Level 10 of the Dungeon
 10611 | D:10     | Learned a level 5 spell: Blade Hands
 10616 | D:10     | Learned a level 4 spell: Ice Form
 11191 | D:10     | Noticed a centaur warrior
 11201 | D:10     | Killed a centaur warrior
 11201 | D:10     | Reached **** piety under Okawaru
 11209 | D:10     | Noticed a two-headed ogre
 11221 | D:10     | Killed a two-headed ogre
 11221 | D:10     | Reached XP level 11. HP: 34/91 MP: 15/19
 11236 | D:10     | Slain by an unseen horror

Skill      XL: |  1  2  3  4  5  6  7  8  9 10 |
---------------+-------------------------------+-----
Dodging        | 2 3 4 5 |  5.9
Fighting       | 2 3 4 5 6 |  6.8
Unarmed Combat | 4 5 7 8 9 |  9.4
Transmutations | 3 4 5 6 7 9 |  9.1
Spellcasting   | 3 4 5 |  5.9
Invocations    | 2 4 |  4.2

Action                   |  1- 3 |  4- 6 |  7- 9 | 10-12 || total
-------------------------+-------+-------+-------+-------++-------
Melee: Unarmed           |   100 |    64 |   461 |   194 ||   819
       Tailslap          |    13 |     3 |    30 |    19 ||    65
       Kick              |     8 |     2 |     3 |       ||    13
       Punch             |     1 |     2 |     8 |     4 ||    15
       Headbutt          |     1 |       |     3 |     1 ||     5
 Cast: Beastly Appendage |    20 |     1 |     5 |     1 ||    27
       Sticks to Snakes  |     1 |     5 |     5 |       ||    11
       Spider Form       |     1 |    10 |    32 |    15 ||    58
 Abil: Breathe Noxious F |       |       |     6 |       ||     6
  Use: Scroll            |     8 |     2 |     9 |     4 ||    23
       Potion            |       |       |       |     1 ||     1
 Stab: Confused          |       |       |     2 |       ||     2
       Distracted        |       |       |     2 |       ||     2
       Sleeping          |       |       |     1 |       ||     1
  Eat: Chunk             |     3 |     7 |    14 |     6 ||    30
       Ration            |       |       |     3 |       ||     3
Armor: Skin              |    13 |     2 |    44 |    18 ||    77
Dodge: Dodged            |    65 |    47 |   367 |   151 ||   630
Block: Other             |       |       |    44 |    41 ||    85
       Reflection        |       |       |     6 |     1 ||     7
